 Dungeon Crawl Stone Soup version 0.31-a0-889-g1a8549509d (webtiles) character file.

Game seed: 11043699990752541521

168 Azuregosa the Covert (level 5, 0/36 HPs)
             Began as an Octopode Delver on Oct 16, 2023.
             Slain by a jelly (1 damage)
             ... on level 6 of the Dungeon.
             The game lasted 00:02:01 (241 turns).

Azuregosa the Covert (Octopode Delver)               Turns: 241, Time: 00:02:01

Health: 0/36       AC: -3    Str: 12    XL:     5   Next: 48%
Magic:  5/5        EV: 13    Int: 20    God:
Gold:   0          SH:  0    Dex: 13    Spells: 4/4 levels left

rFire   . . .        a - +0 hand axe
rCold   . . .        (no shield)
rNeg    . . .        (helmet restricted)
rPois   .            (no amulet)
rElec   .            g - +6 ring of intelligence
rCorr   .            (no ring)
SInv    .            (no ring)
Will    .....        (no ring)
Stlth   +++++        (no ring)
HPRegen 0.26/turn    (no ring)
MPRegen 0.09/turn    (no ring)
                     (no ring)

%: no passive effects
@: corroded
A: almost no armour, amphibious, 8 rings, camouflage 1, gelatinous body 1,
(nimble swimmer 1), tentacles
a: no special abilities


You were on level 6 of the Dungeon.
You visited 1 branch of the dungeon, and saw 3 of its levels.

Inventory:

Hand Weapons
 a - a +0 hand axe (weapon)
Jewellery
 g - a +6 ring of intelligence (left tentacle)
Wands
 f - a wand of digging (3)
Scrolls
 b - a scroll of fog
 c - a scroll of vulnerability {unknown}
 h - a scroll of identify {unknown}
Potions
 e - a potion of haste


   Skills:
 - Level 3.0 Fighting
 - Level 2.0 Axes
 - Level 2.0 Dodging
 - Level 10.0 Stealth
 + Level 0.0 Spellcasting


You had 4 spell levels left.
You didn't know any spells.
Your spell library was empty.

Dungeon Overview and Level Annotations

Branches:
Dungeon (7/15)             Temple (0/1) D:6

Altars:
Hepliaklqana

Shops:
D:6 (


Innate Abilities, Weirdness & Mutations

You cannot wear most types of armour.
You are amphibious.
You can wear up to eight rings at the same time.
Your skin changes colour to match your surroundings (Stealth+).
Your rubbery body absorbs attacks. (AC +1, EV +1)
((You are camouflaged when in or above water. (Stealth+)))
You have tentacles for arms and can constrict up to eight enemies at once.


Message History

You hit the yak.
The yak is moderately wounded.
The yak gores you!
You hit the yak but do no damage. Your squeeze misses the yak.
The yak is moderately wounded.
The yak gores you!
You barely miss the yak.
The yak is moderately wounded.
The yak barely misses you.
You barely miss the yak.
The yak is moderately wounded.
The yak closely misses you.
You hit the yak. Your squeeze misses the yak.
The yak is moderately wounded.
The yak gores you!
* * * LOW HITPOINT WARNING * * *
The yak completely misses you.
As you read the scroll of fear, it crumbles to dust.
You assume a fearsome visage.
The yak looks frightened!
You barely miss the yak.
The yak is moderately wounded.
There is a stone staircase leading down here.
There is a stone staircase leading down here.
There is a stone staircase leading down, spattered with blood here.
Found a robe.
Found Kufaog's Antique Weapon Emporium.
There is an entrance to Kufaog's Antique Weapon Emporium here.
You can access your shopping list by pressing '$'.
A jelly comes into view.
Found an escape hatch in the ceiling.
The jelly quivers.
You hit the jelly. The acid corrodes you!
Your tentacles burn!
The jelly is moderately wounded.
The jelly hits you.
* * * LOW HITPOINT WARNING * * *
You are splashed with acid!
* * * LOW HITPOINT WARNING * * *
You barely miss the jelly.
The jelly is moderately wounded.
The jelly hits you.
You die...

*,,* *,,,,,,,****,,,******* *,,*
*,****..# **,,,,,,,,* *,,***,*
*..# **,,*,,,**,, *** *****,,,,*
*..# *,,,,*,*,,*, ,,***,,,******
*..# *,*,,*,,,,*,
,,,*+,8,**#####**..# *,,**,,,,*,,
*,,,*,,,*,,....,,..# *,,,,,>,,,,,
**,,*,,,#####.###.#***,,*,,,,**,,
,***+,8,+.......@J###..*,,,,*,,*,
,,*,*,,,*####.....<....#,,*,*,,,,
**,,*,,,* #..#######..**,,,*,,,
,,**+,8,*####.∩# **,,,,,,,,*,
*,***,,,*#....[# ***,**,***** ***
######.....##*****,,,**,,,,,,
#.>............,,,,****,*****
#>#####.#.#####***,****,* #.#
#.#.# *,,,,,,*


You could see a jelly.

Vanquished Creatures
  A water moccasin (D:6)
  A bullfrog (D:6)
2 creatures vanquished.

Notes
Turn   | Place    | Note
-------+----------+-------------------------------------------
     0 | D:5      | Azuregosa the Octopode Delver began the quest for the Orb.
     0 | D:5      | Reached XP level 1. HP: 16/16 MP: 1/1
     1 | D:6      | Noticed a bullfrog
     6 | D:6      | Killed a bullfrog
     7 | D:6      | Reached skill level 8 in Stealth
     7 | D:6      | Reached XP level 2. HP: 7/21 MP: 2/2
     7 | D:6      | Reached XP level 3. HP: 9/26 MP: 3/3
     7 | D:6      | Reached XP level 4. HP: 11/31 MP: 4/4
    97 | D:6      | Noticed a water moccasin
   102 | D:6      | Killed a water moccasin
   103 | D:6      | Reached skill level 10 in Stealth
   103 | D:6      | Reached XP level 5. HP: 28/36 MP: 5/5
   178 | D:6      | Noticed a yak
   178 | D:6      | Noticed a yak
   179 | D:6      | Noticed a yak
   179 | D:6      | Noticed a yak
   199 | D:7      | Noticed a phantom
   203 | D:7      | Noticed an ice beast
   213 | D:7      | Found a hazy altar of Hepliaklqana.
   229 | D:6      | Found Kufaog's Antique Weapon Emporium.
   240 | D:6      | HP: 1/36 [acid (9)]
   241 | D:6      | Slain by a jelly

Illustrated notes

Levels and vault maps discovered:
D:5:      layout_loops_cross, grunt_dithmenos_smoke_and_mirrors,
          mainiacjoe_overflow_tiny_flanked
D:6:      minmay_chambers_of_threes, layout_loops_ring,
          minmay_temple_entry_mini_moons, serial_shops, shop, st_stairs_1,
          uniq_sigmund, uniq_eustachio
D:7:      layout_cave_pools, mainiacjoe_overflow_small_starburst,
          gammafunk_ghost_wrathful_warriors, serial_shops,
          nicolae_shop_industrial_runoff, minmay_quadrilaterals

Skill      XL: |  1  2  3  4 |
---------------+-------------+-----
Stealth        | 8 10 | 10.0
Fighting       | |  3.0
Axes           | |  2.0
Dodging        | |  2.0

Action                     |  1- 3 |  4- 6 || total
---------------------------+-------+-------++-------
  Melee: Hand axe          |     5 |    12 ||    17
         Tentacles         |     1 |     2 ||     3
         Constrict         |     1 |     1 ||     2
    Use: Scroll            |       |     2 ||     2
   Stab: Sleeping          |     1 |     1 ||     2
 Armour: Skin              |     4 |     7 ||    11
  Dodge: Dodged            |     3 |     8 ||    11

Table legend: (Time is in decaauts)
 A = Elapsed time spent in this place.
 B = Non-inter-level travel time spent in this place.
 C = Inter-level travel time spent in this place.
 D = Time resting spent in this place.
 E = Time spent auto-exploring this place.
 F = Levels seen in this place.
 G = Mean time per level.
                   A        B        C        D        E       F      G
               +--------+--------+--------+--------+--------+-----+--------+
         Total |    243 |    243 |      0 |    111 |      0 |   3 |   81.0 |
       Dungeon |    243 |    243 |      0 |    111 |      0 |   3 |   81.0 |
               +--------+--------+--------+--------+--------+-----+--------+

Top non-repeatable levels by time:
     D:6: 226 daAuts
     D:7: 16 daAuts
     D:5: 1 daAuts
